 Dungeon Crawl Stone Soup version bcrawl-1.41.1 (webtiles) character file.

Game seed: 10152369468077022709

111255 Grimmash the Sneak (level 3, 0/27 HPs)
             Began as a Formicid Archaeologist on Apr 18, 2024.
             Slain by a worker ant (7 damage)
             ... on level 2 of the Dungeon.
             The game lasted 00:01:22 (1277 turns).

Grimmash the Sneak (Formicid Archaeologist)         Turns: 1277, Time: 00:01:22

Health: 0/27       AC:  5    Str: 16    XL:     3   Next: 70%
Magic:  3/3        EV: 12    Int: 13    God:
Gold:   116        SH:  0    Dex:  9    Spells: 2/2 levels left

rFire    . . .     GDR:     21% a - +0 whip
rCold    + . .     SeeInvis +   (no shield)
rNeg     . . .     Gourm    .   c - +1 robe
rPois    .         Faith    .   (helmet unavailable)
rElec    .         Spirit   .   (no cloak)
rCorr    .         Reflect  .   (no gloves)
MR       .....                  d - +1 pair of boots
Stlth    ++++......             (no amulet)
HPRegen  0.14/turn              o - ring of stealth
MPRegen  0.08/turn              p - ring of protection from cold

@: no status effects
A: permanent stasis, dig shafts and tunnels, four strong arms, antennae 3
a: Dig, Shaft Self


You were on level 2 of the Dungeon.
You were hungry.

You visited 1 branch of the dungeon, and saw 2 of its levels.

You collected 116 gold pieces.

Inventory:

Hand Weapons
 a - a +0 whip (weapon)
 b - a +0 blowgun
Missiles
 h - 6 curare-tipped needles
Armour
 c - a +1 robe (worn)
 d - a +1 pair of boots (worn)
Jewellery
 o - a ring of stealth (left hand)
 p - a ring of protection from cold (right hand)
Scrolls
 f - a scroll of revelation
 i - a scroll of remove curse {unknown}
 j - 2 scrolls of teleportation {unknown}
 k - a scroll of immolation {unknown}
Potions
 l - a potion of mutation {unknown}
 m - a potion of cancellation {unknown}
 n - a potion of agility {unknown}
Miscellaneous
 g - a dusty tome
Comestibles
 e - 3 rations {!d}
 q - a chunk of flesh


   Skills:
 * Level 1.6 Fighting
 * Level 1.6 Maces & Flails
 * Level 0.6 Armour
 * Level 3.1 Dodging
 + Level 4.5 Stealth


You had 2 spell levels left.
You didn't know any spells.
Your spell library was empty.

Dungeon Overview and Level Annotations

Branches:
Dungeon (2/12)

Altars:


Innate Abilities, Weirdness & Mutations

You cannot be hasted, slowed, berserked, paralysed or teleported.
You can dig through walls and to a lower floor.
Your four strong arms can wield two-handed weapons with a shield.
You have a pair of large antennae on your head. (SInv)


Message History

The worker ant barely misses you. The worker ant closely misses you.
You hit the worker ant but do no damage.
The worker ant is heavily wounded.
The worker ant bites you! The hobgoblin barely misses you.
You are too injured to fight recklessly!
You are too injured to fight recklessly!
You are too injured to fight recklessly!
You are too injured to fight recklessly!
You hear a grinding noise.
You closely miss the worker ant.
The worker ant is moderately wounded.
The worker ant bites you. The worker ant closely misses you.
You hit the worker ant.
The worker ant is heavily wounded.
The worker ant bites you.
* * * LOW HITPOINT WARNING * * *
You hit the worker ant.
The worker ant is almost dead.
The worker ant bites you!
You die...

g....... # )..... ....
#...#.#.# #....##..##w
#...#.#.# ##.... .....
###...#.#.#.##...##...## .
.........................#..
.........<..#.##.......###.#..
..........###...g.............#
..###.#.#.# #..#a##...........#
..###.#.#.###..#@##.##.#.......
...............................
...............................
...).....†.......##.##.#..#..#
.............................##
..###.###.#.#..........).......
..# #.# #.#.#.....##.#.#..#....
..# #.###.#.#.....##.#.........
..# #..........................


You could see a worker ant and a hobgoblin.

Vanquished Creatures
  2 oozes
  2 leopard geckos
  2 ball pythons
  3 giant cockroaches
  3 goblins (D:1)
  5 hobgoblins
  5 kobolds (D:1)
  A bat (D:1)
  3 frilled lizards
  A rat (D:1)
27 creatures vanquished.

Notes
Turn   | Place    | Note
-------+----------+-------------------------------------------
     0 | D:1      | Grimmash the Formicid Archaeologist began the quest for the
                  | Orb.
     0 | D:1      | Reached XP level 1. HP: 15/15 MP: 1/1
   242 | D:1      | Reached XP level 2. HP: 18/21 MP: 2/2
   738 | D:1      | Reached XP level 3. HP: 20/26 MP: 3/3
  1277 | D:2      | Slain by a worker ant

Skill      XL: |  1  2 |
---------------+-------+-----
Dodging        | 3 |  3.1
Fighting       | |  1.6
Maces & Flails | |  1.6
Armour         | |  0.6
Stealth        | |  4.5

Action                   || total
-------------------------++-------
Melee: Whip              ||   127
  Use: Scroll            ||     1
 Stab: Sleeping          ||    10
  Eat: Chunk             ||     4
Armor: Robe              ||    45
Dodge: Dodged            ||    79
